 Dungeon Crawl Stone Soup version 0.31.0-11-ge490571c62 (webtiles) character file.

Game seed: 16142723648901813234

14203 qw the Nimble (level 11, -6/55 HPs)
             Began as a Spriggan Hunter on Feb 5, 2024.
             Was a High Priest of Okawaru.
             Killed from afar by a deep elf pyromancer (38 damage)
             ... with a bolt of fire
             ... on level 13 of the Dungeon.
             The game lasted 00:04:44 (8974 turns).

qw the Nimble (Spriggan Hunter)                     Turns: 8974, Time: 00:04:44

Health: -6/55      AC:  4    Str:  7    XL:     11   Next: 85%
Magic:  17/19      EV: 36    Int: 10    God:    Okawaru [*****.]
Gold:   974        SH:  5    Dex: 24    Spells: 10/10 levels left

rFire   . . .        l - +1 arbalest (freeze)
rCold   . . .        (shield currently unavailable)
rNeg    . . .        c - +0 robe
rPois   +            k - +1 hat
rElec   .            i - +0 cloak
rCorr   .            (gloves unavailable)
SInv    +            (boots unavailable)
Will    +....        g - amulet of reflection
Stlth   ++           j - +5 ring of evasion
HPRegen 0.29/turn    q - ring of poison resistance
MPRegen 0.16/turn

%: reflection
@: finesse-ful, very quick
A: very small, no large weapons, unfitting armour, see invisible, speed 3
a: Renounce Religion, Heroism, Finesse, Duel


You were on level 13 of the Dungeon.
You worshipped Okawaru.
Okawaru was extremely pleased with you.
You visited 2 branches of the dungeon, and saw 14 of its levels.
You also visited: Sewer.

You collected 1095 gold pieces.
You spent 121 gold pieces at shops.


Innate Abilities, Weirdness & Mutations

You are very small and have problems with some larger weapons.
You are too small for most types of armour.
You have supernaturally acute eyesight. (SInv)
You cover ground extremely quickly. (Speed+++)


   Skills:
 - Level 5.1 Fighting
 - Level 13.0 Ranged Weapons
 + Level 13.3 Dodging
 - Level 1.5 Stealth
 + Level 9.3 Invocations


You had 10 spell levels left.
You didn't know any spells.
Your spell library was empty.

Inventory:

Hand Weapons
 l - a +1 arbalest of freezing (weapon)
Armour
 c - a +0 robe (worn)
 i - a +0 cloak (worn)
 k - a +1 hat (worn)
Jewellery
 g - an amulet of reflection (around neck)
 j - a +5 ring of evasion (left hand)
 q - a ring of poison resistance (right hand)
Wands
 m - a wand of iceblast (7)
Scrolls
 a - a scroll of teleportation
Potions
 b - 5 potions of enlightenment
 d - 2 potions of might
 f - 4 potions of curing
 h - 2 potions of mutation
 n - 2 potions of haste
 o - a potion of resistance

Dungeon Overview and Level Annotations

Branches:
Dungeon (14/15)            Temple (1/1) D:6            Lair (0/5) D:11
  Sewer (visited)
    Orc: D:9-12      Vaults: D:13-14

Altars:
Ashenzari
Cheibriados
Dithmenos
Elyvilon
Fedhas
Gozag
Hepliaklqana
Kikubaaqudgha
Makhleb
Nemelex Xobeh
Okawaru
Qazlal
Ru
Sif Muna
Trog
Uskayaw
Vehumet
Wu Jian
Xom
Yredelemnul
Zin
The Shining One

Shops:
D:5 **


Message History

You kill the ogre mage!
Okawaru is honoured by your kill. Okawaru grants you throwing weapons!
Something appears at your feet!
You shoot a bolt. The bolt hits the deep elf pyromancer!
The bolt freezes the deep elf pyromancer.
The deep elf pyromancer is moderately wounded.
The deep elf zephyrmancer casts a spell.
The deep elf zephyrmancer blinks!
You shoot a bolt. The bolt hits the deep elf pyromancer!
The bolt freezes the deep elf pyromancer.
The deep elf pyromancer is severely wounded.
You shoot a bolt.
The bolt closely misses the deep elf pyromancer.
You shoot a bolt.
The bolt closely misses the deep elf pyromancer.
The deep elf pyromancer gestures wildly while chanting.
You shoot a bolt.
The bolt barely misses the deep elf pyromancer.
The bolt hits the deep elf pyromancer!!
The bolt freezes the deep elf pyromancer.
The deep elf pyromancer is heavily wounded.
The deep elf pyromancer hits you with a +0 rapier.
The deep elf knight mumbles some strange words.
The deep elf knight seems to speed up.
An ogre comes into view. It is wielding a +0 giant spiked club.
You shoot a bolt.
The bolt closely misses the deep elf pyromancer.
The bolt hits the deep elf pyromancer!
The bolt freezes the deep elf pyromancer.
The deep elf pyromancer is severely wounded.
You shoot a bolt. The bolt hits the deep elf pyromancer!
The bolt freezes the deep elf pyromancer.
The deep elf pyromancer is almost dead.
You shoot a bolt. The bolt misses the deep elf knight.
The bolt closely misses the deep elf pyromancer.
The deep elf pyromancer points at you and mumbles some strange words.
The bolt of fire misses the deep elf knight.
The bolt of fire hits you!!!
Ouch! That really hurt!
You die...

#.. #... ####### #..#
##########...... #..# ...
#........... #..##.#
#........... # #..#@#
.######......
..##.#..#e##..# #......
#.O....eeE.# #..)...
###.#.e#0######## #......
.........).......###......
.......0..............)...
####.#..#.######..........
......... #........).
e##.#..#.## #..........


You could see a deep elf knight (fast, invisible), 2 deep elf pyromancers, a
deep elf zephyrmancer and a fire elemental (summoned).

Vanquished Creatures
  Gastronok (D:11)
  A boulder beetle (D:11)
  An ogre mage (D:13)
  2 two-headed ogres
  Sonja (D:13)
  Lodul (D:10)
  2 kobold demonologists
  2 yaktaurs (D:13)
  3 trolls
  Grinder (D:5)
  Sigmund (D:6)
  A shadow (D:10)
  A vampire (D:9)
  A water elemental (D:11)
  3 yaks (D:9)
  2 steam dragons
  4 vampire mosquitoes (D:10)
  2 ice beasts (D:7)
  2 sky beasts
  4 orc warriors
  3 wolves (D:11)
  10 ogres
  6 centaurs
  A phantom (D:7)
  6 kobold brigands
  A bullfrog (D:8)
  A gnoll sergeant (D:10)
  A scorpion (D:5)
  15 wights
  12 killer bees
  8 howler monkeys
  An electric eel (D:11)
  A bombardier beetle (D:5)
  9 hounds
  7 orc priests
  A gnoll bouda (D:9)
  3 sleepcaps
  6 iguanas
  13 orc wizards
  A hell rat (Sewer)
  13 gnolls
  3 river rats (Sewer)
  7 adders
  A shadow imp (D:6)
  2 white imps (D:3)
  4 ribbon worms
  A dart slug (D:1)
  43 orcs
  9 endoplasms
  5 giant cockroaches
  5 goblins (D:1)
  6 hobgoblins
  3 jackals (D:2)
  25 kobolds
  4 quokkas
  7 ball pythons
  9 bats
  5 frilled lizards
  13 rats
307 creatures vanquished.

Notes
Turn   | Place    | Note
-------+----------+-------------------------------------------
     0 | D:1      | qw the Spriggan Hunter began the quest for the Orb.
     0 | D:1      | Reached XP level 1. HP: 10/10 MP: 2/2
     0 | D:1      | 0 ||| qw: Version: 0.3-a-160-g6735b56
     0 | D:1      | 0 ||| qw: Game counter: 6354
     0 | D:1      | 0 ||| qw: Melee chars always use a shield: true
     0 | D:1      | 0 ||| qw: God list: Okawaru
     0 | D:1      | 0 ||| qw: Allow faded altars: false
     0 | D:1      | 0 ||| qw: Do Orc after clearing Dungeon:15 true
     0 | D:1      | 0 ||| qw: Do second Lair branch before Depths: true
     0 | D:1      | 0 ||| qw: Lair rune preference: random
     0 | D:1      | 0 ||| qw: Goals: Normal
     0 | D:1      | 0 ||| PLANNING D:1-11
    94 | D:1      | Reached skill level 3 in Dodging
   213 | D:1      | Reached XP level 2. HP: 14/14 MP: 3/3
   493 | D:1      | Reached XP level 3. HP: 18/18 MP: 4/4
   756 | D:1      | 756 ||| UPGRADING to +1 hat.
   761 | D:1      | 761 ||| READING scroll labelled ALUNEZ YNYSEMN.
   762 | D:1      | 762 ||| READING 2 scrolls labelled KEADIG ZOWNAM.
   763 | D:1      | 763 ||| READING scroll labelled VENIAF JOAWK.
   764 | D:1      | 764 ||| READING 3 scrolls labelled KIUHE UHIMEIC.
   764 | D:1      | 764 ||| ENCHANTING +0 shortbow.
   765 | D:1      | 765 ||| READING 2 scrolls of enchant weapon.
   765 | D:1      | 765 ||| ENCHANTING +1 shortbow.
   766 | D:1      | 766 ||| READING scroll of enchant weapon.
   766 | D:1      | 766 ||| ENCHANTING +2 shortbow.
   767 | D:1      | 767 ||| READING scroll labelled BOMOVV RODD.
   768 | D:1      | 768 ||| DROPPING scroll of butterflies.
   769 | D:1      | 769 ||| DROPPING scroll of fog.
   982 | D:2      | 982 ||| READING scroll of enchant weapon.
   982 | D:2      | 982 ||| ENCHANTING +3 shortbow.
  1495 | D:2      | Reached XP level 4. HP: 22/22 MP: 5/5
  1513 | D:2      | 1513 ||| READING 2 scrolls labelled QAFAUSM EMNOO.
  1514 | D:2      | 1514 ||| DRINKING 2 bubbling ruby potions.
  1515 | D:2      | 1515 ||| DROPPING scroll of immolation.
  1540 | D:3      | 1540 ||| PLANNING SEWER
  1899 | D:3      | Reached XP level 5. HP: 26/26 MP: 6/6
  1918 | D:3      | 1918 ||| FLEEEEING.
  1919 | D:3      | 1919 ||| FLEEEEING.
  1921 | D:3      | 1921 ||| FLEEEEING.
  1922 | D:3      | 1922 ||| FLEEEEING.
  1924 | D:3      | 1924 ||| FLEEEEING.
  1925 | D:3      | 1925 ||| FLEEEEING.
  2094 | D:3      | Found a glowing drain.
  2095 | D:3      | 2095 ||| UPGRADING to +0 cloak.
  2100 | D:3      | 2100 ||| UPGRADING to amulet of reflection.
  2105 | D:3      | 2105 ||| READING 2 scrolls labelled TEHE MAECOUSE.
  2105 | D:3      | 2105 ||| IDENTIFYING smoky white potion
  2106 | D:3      | 2106 ||| READING scroll of identify.
  2106 | D:3      | 2106 ||| IDENTIFYING emerald potion
  2107 | D:3      | 2107 ||| DROPPING potion of ambrosia.
  2111 | Sewer    | Entered a sewer
  2154 | Sewer    | HP: 6/24 [hell rat (15)]
  2155 | Sewer    | 2155 ||| DRINKING 3 potions of heal wounds.
  2189 | Sewer    | 2189 ||| READING scroll labelled SEGICO YTYL.
  2193 | Sewer    | 2193 ||| READING scroll labelled TUTAPAO JEED.
  2294 | Sewer    | 2294 ||| READING scroll labelled MIXOBA EMNI.
  2295 | Sewer    | 2295 ||| DRINKING 2 fizzy brown potions.
  2296 | Sewer    | 2296 ||| DROPPING potion of brilliance.
  2309 | D:3      | 2309 ||| PLANNING D:1-11
  2525 | D:4      | 2525 ||| READING scroll of enchant weapon.
  2525 | D:4      | 2525 ||| ENCHANTING +4 shortbow.
  2574 | D:4      | Reached skill level 6 in Ranged Weapons
  2595 | D:4      | Reached XP level 6. HP: 30/30 MP: 7/7
  2626 | D:4      | Found a glowing golden altar of the Shining One.
  3047 | D:4      | Found a snail-covered altar of Cheibriados.
  3148 | D:4      | 3148 ||| READING 3 scrolls of identify.
  3148 | D:4      | 3148 ||| IDENTIFYING sapphire potion
  3149 | D:4      | 3149 ||| READING 2 scrolls of identify.
  3149 | D:4      | 3149 ||| IDENTIFYING fuming red potion
  3150 | D:4      | 3150 ||| READING scroll of identify.
  3150 | D:4      | 3150 ||| IDENTIFYING silvery potion
  3151 | D:4      | 3151 ||| DROPPING potion of attraction.
  3186 | D:5      | Entered Level 5 of the Dungeon
  3221 | D:5      | Reached skill level 6 in Dodging
  3355 | D:5      | Found Vechubul's Specific Store.
  3359 | D:5      | Found Noxig's General Store.
  3364 | D:5      | 3364 ||| BUYING potion of mutation (88 gold).
  3364 | D:5      | Bought a potion of mutation for 88 gold pieces
  3364 | D:5      | 3364 ||| SHOPLISTING scarf of repulsion (132 gold, have
                  | 100).
  3364 | D:5      | 3364 ||| BUYING scroll of teleportation (33 gold).
  3364 | D:5      | Bought a scroll of teleportation for 33 gold pieces
  3479 | D:5      | Noticed Grinder
  3481 | D:5      | Noticed a sky beast
  3491 | D:5      | Killed a sky beast
  3492 | D:5      | Reached XP level 7. HP: 35/35 MP: 8/8
  3498 | D:5      | Killed Grinder
  3595 | D:5      | 3595 ||| DROPPING +6 ring of intelligence.
  3596 | D:5      | 3596 ||| READING scroll of identify.
  3596 | D:5      | 3596 ||| IDENTIFYING purple potion
  3610 | D:6      | 3610 ||| STAIRDANCE
  3615 | D:6      | 3615 ||| STAIRDANCE
  3624 | D:6      | 3624 ||| STAIRDANCE
  3759 | D:6      | Noticed Sigmund
  3766 | D:6      | Killed Sigmund
  3767 | D:6      | Reached XP level 8. HP: 39/39 MP: 9/9
  3795 | D:6      | Reached skill level 3 in Fighting
  3797 | D:6      | 3797 ||| Stepping ~*~*~tactically~*~*~ (cloud).
  3798 | D:6      | 3798 ||| Stepping ~*~*~tactically~*~*~ (cloud).
  3806 | D:6      | HP: 8/40 [steam dragon] (8)]
  3807 | D:6      | 3807 ||| READING 2 scrolls of teleportation.
  3808 | D:6      | 3808 ||| DRINKING 3 potions of heal wounds.
  3839 | D:6      | Found a staircase to the Ecumenical Temple.
  3840 | D:6      | 3840 ||| PLANNING TEMPLE
  3847 | Temple   | Entered the Ecumenical Temple
  3848 | Temple   | 3848 ||| PLANNING OKAWARU WORSHIP
  3855 | Temple   | Became a worshipper of Warmaster Okawaru
  3856 | Temple   | 3856 ||| PLANNING D:1-11
  4186 | D:6      | 4186 ||| READING 2 scrolls labelled RUIHUU OHEWUDD.
  4287 | D:6      | 4287 ||| DROPPING scroll of silence.
  4315 | D:7      | Reached skill level 9 in Ranged Weapons
  4324 | D:7      | Reached skill level 9 in Dodging
  4406 | D:7      | 4406 ||| SWAPPING to +0 arbalest.
  4407 | D:7      | 4407 ||| DROPPING +5 shortbow.
  4573 | D:7      | Found a shadowy altar of Dithmenos.
  4627 | D:7      | Reached * piety under Okawaru
  4644 | D:7      | 4644 ||| RETREEEEATING.
  4645 | D:7      | 4645 ||| RETREEEEATING.
  4652 | D:7      | HP: 8/40 [poisoned by a killer bee]
  4653 | D:7      | 4653 ||| READING scroll of teleportation.
  4654 | D:7      | 4654 ||| DRINKING 2 potions of heal wounds.
  4733 | D:7      | 4733 ||| RETREEEEATING.
  4734 | D:7      | 4734 ||| RETREEEEATING.
  4737 | D:7      | 4737 ||| RETREEEEATING.
  4748 | D:7      | Reached skill level 1 in Invocations
  4748 | D:7      | Reached XP level 9. HP: 39/44 MP: 10/10
  5035 | D:7      | Found a glowing silver altar of Zin.
  5152 | D:7      | 5152 ||| UPGRADING to +5 ring of evasion.
  5235 | D:8      | Reached skill level 3 in Invocations
  5732 | D:8      | 5732 ||| RETREEEEATING.
  5734 | D:8      | 5734 ||| RETREEEEATING.
  5895 | D:8      | Found a radiant altar of Vehumet.
  5895 | D:8      | Noticed a troll
  5896 | D:8      | 5896 ||| INVOKING Heroism.
  5902 | D:8      | Killed a troll
  5902 | D:8      | Reached ** piety under Okawaru
  5943 | D:8      | Found an ancient bone altar of Kikubaaqudgha.
  5951 | D:8      | 5951 ||| READING scroll of enchant weapon.
  5951 | D:8      | 5951 ||| ENCHANTING +0 arbalest.
  6053 | D:8      | 6053 ||| READING 2 scrolls of identify.
  6053 | D:8      | 6053 ||| IDENTIFYING fuming black potion
  6054 | D:8      | 6054 ||| READING scroll of identify.
  6054 | D:8      | 6054 ||| IDENTIFYING fuming emerald potion
  6055 | D:8      | 6055 ||| READING scroll labelled MEGGOC QOGAURA.
  6134 | D:8      | 6134 ||| DROPPING potion of lignification.
  6165 | D:9      | 6165 ||| RETREEEEATING.
  6165 | D:9      | Noticed a two-headed ogre
  6166 | D:9      | 6166 ||| RETREEEEATING.
  6167 | D:9      | 6167 ||| INVOKING Heroism.
  6171 | D:9      | 6171 ||| RETREEEEATING.
  6172 | D:9      | 6172 ||| RETREEEEATING.
  6173 | D:9      | 6173 ||| RETREEEEATING.
  6176 | D:9      | Killed a two-headed ogre
  6186 | D:9      | Reached *** piety under Okawaru
  6187 | D:9      | Reached XP level 10. HP: 39/51 MP: 14/14
  6349 | D:9      | Found a broken altar of Ashenzari.
  6604 | D:9      | Reached skill level 12 in Dodging
  6846 | D:9      | Reached **** piety under Okawaru
  7031 | D:9      | 7031 ||| DROPPING ring of flight.
  7041 | D:10     | Entered Level 10 of the Dungeon
  7064 | D:10     | 7064 ||| RETREEEEATING.
  7067 | D:10     | Noticed Lodul
  7068 | D:10     | 7068 ||| INVOKING Finesse.
  7072 | D:10     | 7072 ||| INVOKING Heroism.
  7076 | D:10     | Killed Lodul
  7077 | D:10     | Reached skill level 12 in Ranged Weapons
  7096 | D:10     | Reached skill level 6 in Invocations
  7279 | D:10     | 7279 ||| FLEEEEING.
  7280 | D:10     | 7280 ||| FLEEEEING.
  7543 | D:10     | 7543 ||| RETREEEEATING.
  7546 | D:10     | 7546 ||| RETREEEEATING.
  7548 | D:10     | 7548 ||| RETREEEEATING.
  7557 | D:10     | Reached XP level 11. HP: 31/54 MP: 16/16
  7945 | D:10     | Reached ***** piety under Okawaru
  8078 | D:10     | Found a shimmering altar of Xom.
  8191 | D:10     | 8191 ||| DROPPING amulet of guardian spirit.
  8192 | D:10     | 8192 ||| UPGRADING to ring of poison resistance.
  8193 | D:10     | 8193 ||| DRINKING 2 black potions.
  8213 | D:11     | Noticed Gastronok
  8217 | D:11     | 8217 ||| STAIRDANCE
  8238 | D:11     | 8238 ||| INVOKING Finesse.
  8243 | D:11     | Killed Gastronok
  8301 | D:11     | Noticed a boulder beetle
  8302 | D:11     | 8302 ||| INVOKING Finesse.
  8318 | D:11     | 8318 ||| RETREEEEATING.
  8319 | D:11     | 8319 ||| RETREEEEATING.
  8320 | D:11     | 8320 ||| RETREEEEATING.
  8321 | D:11     | 8321 ||| RETREEEEATING.
  8334 | D:11     | Killed a boulder beetle
  8376 | D:11     | Received a gift from Okawaru
  8385 | D:11     | HP: 11/55 [gnoll sergeant/+0 spear (6)]
  8386 | D:11     | 8386 ||| READING scroll of teleportation.
  8387 | D:11     | 8387 ||| DRINKING potion of heal wounds.
  8534 | D:11     | Found a staircase to the Lair.
  8743 | D:11     | You fall into a shaft and drop 3 floors!
  8756 | D:14     | Identified the +7 rapier "Omudd" {antimagic, Int+2 Dex+3}
  8810 | D:14     | 8810 ||| READING scroll of identify.
  8810 | D:14     | 8810 ||| IDENTIFYING fuming yellow potion
  8811 | D:14     | 8811 ||| READING scroll labelled YRAMIN MIEN.
  8811 | D:14     | 8811 ||| BRANDING +1 arbalest.
  8812 | D:14     | 8812 ||| DROPPING potion of berserk rage.
  8821 | D:13     | Noticed Sonja
  8822 | D:13     | 8822 ||| INVOKING Finesse.
  8827 | D:13     | Killed Sonja
  8927 | D:13     | Noticed a deep elf pyromancer
  8928 | D:13     | 8928 ||| RETREEEEATING.
  8928 | D:13     | Noticed a deep elf pyromancer
  8929 | D:13     | 8929 ||| RETREEEEATING.
  8929 | D:13     | Noticed a two-headed ogre
  8930 | D:13     | Noticed a deep elf knight
  8930 | D:13     | 8930 ||| RETREEEEATING.
  8931 | D:13     | 8931 ||| RETREEEEATING.
  8932 | D:13     | 8932 ||| RETREEEEATING.
  8933 | D:13     | 8933 ||| INVOKING Finesse.
  8938 | D:13     | Noticed an ogre mage
  8946 | D:13     | Killed a two-headed ogre
  8949 | D:13     | Reached skill level 9 in Invocations
  8949 | D:13     | Noticed a deep elf zephyrmancer
  8966 | D:13     | Killed an ogre mage
  8966 | D:13     | Received a gift from Okawaru
  8974 | D:13     | Killed from afar by a deep elf pyromancer

Levels and vault maps discovered:
D:1:      saegor_arrival_under_anarchy, layout_basic
D:2:      layout_basic
D:3:      layout_basic, gup_sewer_entry_spiral
D:4:      layout_loops_ring, tso_metal_star, mainiacjoe_overflow_surrounded_room
D:5:      layout_cave_pools, nicolae_specific_store, uniq_grinder
D:6:      layout_rooms, minmay_temple_entry_tees, uniq_sigmund
D:7:      layout_loops_ring, mainiacjoe_overflow_alcove_4,
          grunt_dithmenos_smoke_and_mirrors
D:8:      layout_basic, gammafunk_temple_overflow_pools
D:9:      layout_loops_cross, ashenzari_altar_1, st_stairs_11
D:10:     layout_roguey, xom_teletrap_fun, uniq_lodul
D:11:     layout_cave_pools, erik_lair_island, hiddenorc1_lemuel, uniq_gastronok
D:13:     layout_basic, hangedman_vaults_entry_quadrant_bands, uniq_sonja,
          uniq_rupert
D:14:     layout_irregular_city, nicolae_gozag_cash_rules_everything_around_me,
          serial_shops, nicolae_shop_rolling_square
Temple:   nicolae_temple_great_sept

Skill      XL: |  1  2  3  4  5  6  7  8  9 10 11 |
---------------+----------------------------------+-----
Dodging        | 3 4 5 6 8 9 11 12 13 | 13.3
Ranged Weapons | 5 6 7 8 9 10 12 13 | 13.0
Fighting       | 2 3 4 5 |  5.1
Invocations    | 1 4 6 9 |  9.3
Stealth        | |  1.5

Action                     |  1- 3 |  4- 6 |  7- 9 | 10-12 || total
---------------------------+-------+-------+-------+-------++-------
   Fire: Shortbow          |   114 |   177 |   122 |       ||   413
         Arbalest          |       |       |   142 |   446 ||   588
 Invoke: Heroism           |       |       |     2 |     1 ||     3
         Finesse           |       |       |       |     5 ||     5
    Use: Scroll            |     8 |    10 |     8 |     3 ||    29
         Potion            |       |     3 |     2 |     2 ||     7
 Armour: Robe              |    12 |    15 |    29 |    58 ||   114
  Dodge: Dodged            |    24 |    40 |   155 |   381 ||   600
  Block: Other             |       |     4 |    24 |    77 ||   105
         Reflection        |       |       |     2 |     6 ||     8

Table legend:
 A = Non-vault XP
 B = Vault XP
 C = Vault XP percentage of total XP
 D = Non-vault monster count
 E = Vault monster count
 F = Vault count percentage of total count
                 A         B        C        D         E       F
            +---------+---------+-------+---------+---------+-------
      Total |   11106 |    9185 |  45.3 |     243 |      64 |  20.8
            +---------+---------+-------+---------+---------+-------
        D:1 |      46 |       0 |   0.0 |      24 |       0 |   0.0
        D:2 |      61 |       0 |   0.0 |      25 |       0 |   0.0
        D:3 |     100 |      29 |  22.5 |      20 |       6 |  23.1
        D:4 |     120 |       0 |   0.0 |      17 |       0 |   0.0
        D:5 |     453 |     272 |  37.5 |      13 |       1 |   7.1
        D:6 |     667 |     239 |  26.4 |      20 |       1 |   4.8
        D:7 |    1154 |       0 |   0.0 |      27 |       0 |   0.0
        D:8 |    1245 |       0 |   0.0 |      13 |       0 |   0.0
        D:9 |    3579 |     164 |   4.4 |      33 |       2 |   5.7
       D:10 |    1961 |    1808 |  48.0 |      27 |      10 |  27.0
       D:11 |    1641 |    2663 |  61.9 |      21 |      24 |  53.3
       D:13 |      79 |    3932 |  98.0 |       3 |      11 |  78.6
      Sewer |       0 |      78 | 100.0 |       0 |       9 | 100.0
            +---------+---------+-------+---------+---------+-------
